Zazza, neutral female human Tourist ----------- q@## +.#.......| f` |........{| ###`########-......>..| # # |.........| ### -------.--- +# ## # # +############ ###### # ---|--.-- |.......| -.......| |.......| -.......| |.......| |.......| --------- Zazza the Rambler Experience level: 1 Strength: 13 Dexterity: 8 Constitution: 18 Intelligence: 12 Wisdom: 11 Charisma: 17 Health: 0(16) Energy: 2(2) Def: 0 Gold: 1152 Moves: 2831 Dungeon seed: Yw1JkFbGSlTDi7w5 Game ID: Zazza_1619454201 Your Inventory: Coins $ - 1152 gold pieces Weapons a - 34 +2 darts (in quiver) M - a +2 orcish dagger named bim (weapon in hand) Q - a +0 sling Armor e - an uncursed +0 Hawaiian shirt n - an uncursed +0 dwarvish cloak Comestibles b - 5 uncursed food rations c - 2 uncursed eggs d - 3 uncursed tripe rations q - 3 uncursed tripe rations Scrolls u - an uncursed scroll of enchant weapon A - a cursed scroll of identify E - an uncursed scroll of blank paper F - a blessed scroll of food detection O - an uncursed scroll of confuse monster Potions h - a blessed potion of extra healing m - an uncursed potion of sickness r - an uncursed potion of hallucination v - a cursed potion of gain energy P - an uncursed potion of gain level Wands G - a wand of polymorph (0:7) I - a wand of opening (0:3) Tools j - an expensive camera (0:46) k - an uncursed credit card S - an uncursed mirror Gems y - an uncursed worthless piece of violet glass z - an uncursed worthless piece of red glass Spells and supernatural/magical abilities: Name Level Category Fail Memory W - pray for help -- divine ? -- Your skills at the end: Fighting Skills Weapon Skills dart [Basic] Spellcasting Skills Final Attributes: You were aligned. You were a werejackal. You were lucky. You are dead. Vanquished creatures: a coyote a hobbit a cave spider a brown mold a red mold 2 gnome zombies 3 geckos 15 jackals 2 foxes 2 goblins 4 sewer rats 5 grid bugs a kobold zombie 5 newts 44 creatures vanquished. Voluntary challenges: You used a wielded weapon 2 times, starting on turn 2809. You read items or engraved 13 times, starting on turn 473. You never genocided any monsters. You never polymorphed an object. You never changed form. You used no wishes. You never split a pudding. You wrote Elbereth's name 7 times, starting on turn 982. You never violated your personal moral code. Dungeon overview: The Dungeons of Doom: levels 1 to 8 Level 1 a long staircase Level 2 a general store, a fountain, a sink Level 3 a fountain Level 4 a fountain stairs to The Gnomish Mines Level 5 some fountains Level 6 Level 7 <- You were here a fountain, a sink Level 8 many fountains The Gnomish Mines: Level 5 stairs to The Dungeons of Doom History has recorded: On T:1 you entered the Dungeons of Doom to retrieve the Amulet of Yendor! On T:463 you reached level 2 of The Dungeons of Doom. On T:944 you reached level 3 of The Dungeons of Doom. On T:1522 you reached level 4 of The Dungeons of Doom. On T:1628 you reached level 1 of The Gnomish Mines. On T:1912 you reached level 5 of The Dungeons of Doom. On T:2382 you reached level 6 of The Dungeons of Doom. On T:2426 you reached level 8 of The Dungeons of Doom. On T:2622 you reached level 7 of The Dungeons of Doom. Score breakdown: Gold: 953 (10135 points) Experience: 1 level ( 0 points) Exploration: 8 levels ( 16.67%) (11577 points) Discoveries: 6 items ( 2.01%) ( 4256 points) Valuables value: (no points given unless you survive) Artifact value: 0 ( 0 points) Variety of kills: 14 monsters ( 3.67%) ( 5750 points) Turncount: 2831 turns ( -514 points) Survival: died (score multiplied by 80%) Total score: 24963 Latest messages: Armand bites the werejackal. The werejackal misses Armand. Armand bites the werejackal. The werejackal misses Armand. Armand bites the werejackal. The werejackal bites Armand. The werejackal changes into a human. You displace Armand. The werejackal changes into a jackal. You are beginning to feel hungry. You displace Armand. You hit the werejackal. The werejackal bites! You feel feverish. You displace Armand. Something growls! A jackal appears! You hear some noises. You hear a jackal howling at the moon. The rothe hits! The rothe bites! (2x) You hit the rothe. The rothe hits! The rothe bites! (2x) You die... Final status: Aloha Zazza the Tourist, killed by a rothe... You died in The Dungeons of Doom on dungeon level 7 with 24963 points, and 1152 pieces of gold, after 2831 moves. You were level 1 with a maximum of 16 hit points when you died.